 Dungeon Crawl Stone Soup version 0.28.0-45-g0d030f2227 (webtiles) character file.

Game seed: 8116887970245462282

6 pkoi the Insei (level 1, 0/17 HPs)
             Began as a Demigod Gladiator on Apr 15, 2022.
             Frozen to death by an endoplasm (1 damage)
             ... on level 1 of the Dungeon.
             The game lasted 00:00:17 (216 turns).

pkoi the Insei (Demigod Gladiator)                   Turns: 216, Time: 00:00:18

Health: 0/17       AC:  4    Str: 15    XL:     1   Next: 60%
Magic:  3/3        EV: 12    Int: 10    God:
Gold:   0          SH:  0    Dex: 15    Spells: 0/0 levels left

rFire   . . .      SeeInvis .     - Unarmed
rCold   . . .      Faith    .   (no shield)
rNeg    . . .      Spirit   .   a - +0 leather armour
rPois   .          Reflect  .   b - +0 helmet
rElec   .          Harm     .   (no cloak)
rCorr   .          Rampage  .   (no gloves)
Will    .....                   (no boots)
Stlth   +.........              (no amulet)
HPRegen 0.05/turn               (no ring)
MPRegen 0.08/turn               (no ring)

@: no status effects
A: high MP 1, forlorn, divine attributes
a: no special abilities


You were on level 1 of the Dungeon.
You visited 1 branch of the dungeon, and saw 1 of its levels.

Inventory:

Missiles
 c - 3 throwing nets (quivered)
Armour
 a - a +0 leather armour (worn)
 b - a +0 helmet (worn)


   Skills:
 - Level 1.7 Fighting
 - Level 1.7 Throwing
 - Level 2.6 Dodging
 + Level 3.1 Unarmed Combat


You couldn't memorise any spells.
You didn't know any spells.
Your spell library was empty.

Dungeon Overview and Level Annotations

Branches:
Dungeon (1/15)


Innate Abilities, Weirdness & Mutations

You have an increased reservoir of magic. (+10% MP)
You shall have no god before yourself.
Your divine heritage dramatically boosts your attributes as you level up.


Message History

The jackal bites you.
* * * LOW HITPOINT WARNING * * *
The jackal barely misses you. x2; The jackal closely misses you.
You barely miss the jackal. The jackal misses you.
The jackal closely misses you.
You barely miss the jackal. The jackal barely misses you. x2
The jackal closely misses you.
You hit the jackal.
The jackal is almost dead.
The jackal closely misses you. x3
You hit the jackal but do no damage.
The jackal is almost dead.
The jackal misses you. x2
You closely miss the jackal.
The jackal is almost dead.
The jackal bites you but does no damage.
The jackal bites you.
* * * LOW HITPOINT WARNING * * *
The jackal bites you but does no damage. x2
You hit the jackal.
You kill the jackal!
The jackal bites you but does no damage.
You closely miss the jackal.
The jackal is almost dead.
The jackal bites you but does no damage.
The endoplasm hits you but does no damage.
You closely miss the jackal.
The jackal is almost dead.
The jackal closely misses you. The endoplasm barely misses you.
The jackal misses you.
You closely miss the jackal.
The jackal is almost dead.
The jackal closely misses you. The endoplasm hits you.
* * * LOW HITPOINT WARNING * * *
You closely miss the jackal.
The jackal is almost dead.
The jackal bites you but does no damage.
The endoplasm freezes you.
You are frozen.
You die...

.. #.....########....... #.
#...............>...#
#.##.......###........##
#..#....##.^............
.#####.#....##..............
............................
######..####..##r...........
##### ##..##..##Jh.......)...
....#####....###@#...........
...........####..##........#.
.....##.........#####..#.###
................# #.##.#
....###.........# #.# .#
....# #.........# .. ....#
#.........# ##### #..........
#.........#


You could see an endoplasm, a quokka and a jackal.

Vanquished Creatures
  A bat (D:1)
  A giant cockroach (D:1)
  A jackal (D:1)
  A quokka (D:1)
  A rat (D:1)
5 creatures vanquished.

Notes
Turn   | Place    | Note
-------+----------+-------------------------------------------
     0 | D:1      | pkoi the Demigod Gladiator began the quest for the Orb.
     0 | D:1      | Reached XP level 1. HP: 17/17 MP: 3/3
    34 | D:1      | Reached skill level 3 in Unarmed Combat
   216 | D:1      | Frozen to death by an endoplasm

Illustrated notes

Levels and vault maps discovered:
D:1:      dpeg_arrival_shrine, layout_rooms, basic_ecumenical_altar,
          lemuel_another_geyser

Skill      XL: |  1 |
---------------+----+-----
Unarmed Combat | 3 |  3.1
Fighting       | |  1.7
Throwing       | |  1.7
Dodging        | |  2.6

Action                   || total
-------------------------++-------
Melee: Unarmed           ||    24
 Stab: Sleeping          ||     1
Armor: Leather armour    ||    11
Dodge: Dodged            ||    41
